 Dungeon Crawl Stone Soup version 0.28-a0-821-g923ab73998 (webtiles) character file.

Game seed: 3901932914763687533

2043 Ijustatesigmund the Skirmisher (level 9, -1/57 HPs)
             Began as a Gargoyle Artificer on Nov 9, 2021.
             Was a Follower of Cheibriados.
             Slain by Grum (7 damage)
             ... on level 8 of the Dungeon.
             The game lasted 00:13:05 (11076 turns).

Ijustatesigmund the Skirmisher (GrAr)              Turns: 11076, Time: 00:13:06

Health: -1/57      AC: 14    Str: 23    XL:     9   Next: 24%
Magic:  12/12      EV: 11    Int: 18    God:    Cheibriados [*.....]
Gold:   361        SH:  0    Dex: 12    Spells: 5/8 levels left

rFire   + . .      SeeInvis .   f - +1 battleaxe
rCold   . . .      Faith    .   (shield currently unavailable)
rNeg    + . .      Spirit   .   l - +1 ring mail of Repulsion {rPois}
rPois   ∞          Reflect  .   (no helmet)
rElec   +          Harm     .   (no cloak)
rCorr   .          Rampage  .   (no gloves)
Will    .....                   t - +0 pair of boots
Stlth   ..........              (no amulet)
HPRegen 0.19/turn               g - +6 ring of strength
MPRegen 0.13/turn               i - ring of protection from fire

@: confused, ambrosia-drunk, very slow
A: sickness immunity, AC +6, negative energy resistance 1, electricity
resistance, torment resistance 1, petrification resistance
a: Renounce Religion, Bend Time


You were on level 8 of the Dungeon.
You worshipped Cheibriados.
Cheibriados was aware of your devotion.
You visited 1 branch of the dungeon, and saw 8 of its levels.

You collected 361 gold pieces.

Inventory:

Hand Weapons
 a - a +0 club
 f - a +1 battleaxe (weapon)
Armour
 l - the +1 ring mail of Repulsion (worn) {rPois}
   (You found it on level 4 of the Dungeon)

   rPois:     It protects you from poison.
 t - a +0 pair of boots (worn)
Jewellery
 g - a +6 ring of strength (left hand)
 i - a ring of protection from fire (right hand)
 j - a +6 ring of strength
 m - a ring of see invisible
Wands
 d - a wand of charming (5)
 o - a wand of iceblast (3)
 s - a wand of mindburst (8)
Scrolls
 b - 2 scrolls of identify
 c - 2 scrolls of teleportation
 e - a scroll of fear
 k - a scroll of immolation
 n - a scroll of fog
Potions
 h - a potion of ambrosia
 p - a potion of flight
 r - a potion of berserk rage {unknown}


   Skills:
 + Level 7.0 Fighting
 + Level 6.2 Maces & Flails
 + Level 5.4 Armour
 - Level 0.7 Dodging
 - Level 1.1 Stealth
 - Level 3.0 Necromancy
 + Level 4.8 Invocations
 - Level 2.6 Evocations


You had 5 spell levels left.
You knew the following spells:

 Your Spells              Type           Power      Damage    Failure   Level
a - Pain                  Necr           40%        1d6       10%         1
b - Passwall              Tmut/Erth      0%         N/A       45%         2

Your spell library contained the following spells:

 Spells                   Type           Power      Damage    Failure   Level
 Sandblast                Erth           0%         2d4       32%         1
 Ozocubu's Armour         Ice            0%         N/A       69%         3
 Stone Arrow              Conj/Erth      0%         3d7       69%         3
 Agony                    Necr           10%        N/A       95%         5
 Excruciating Wounds      Necr           5%         N/A       95%         5
 Ozocubu's Refrigeration  Ice            0%         4d5       100%        7


Dungeon Overview and Level Annotations

Branches:
Dungeon (8/15)             Temple (0/1) D:7
   Lair: D:8-11

Altars:
Cheibriados
Qazlal

Shops:
D:5 [

Annotations:
D:4 2 transporters, kwasso's ghost, novice FoFi
D:6 1 runed translucent door, benitares's ghost, amateur HOFi
D:8 Grum


Innate Abilities, Weirdness & Mutations

You are immune to sickness and miasma.
Your stone body is resilient. (AC +6)
You are immune to poison.
You resist negative energy. (rN+)
You are resistant to electric shocks. (rElec)
You are resistant to unholy torment.
You are immune to petrification.


Message History

Grum hits you from afar with a -1 halberd.
* * * LOW HITPOINT WARNING * * *
Your wolf bites the wolf!
Your wolf bites the wolf but does no damage.
The wolf barely misses you.
Grum throws a poisoned dart.
The poisoned dart misses your wolf.
The poisoned dart closely misses the wolf.
The poisoned dart hits you! The wolf bites you.
* * * LOW HITPOINT WARNING * * *
Your wolf closely misses the wolf.
You closely miss the wolf.
The wolf is severely wounded.
The wolf completely misses you.
Your wolf bites the wolf but does no damage.
Grum throws a poisoned dart.
The poisoned dart barely misses your wolf.
The poisoned dart closely misses the wolf.
The poisoned dart misses you.
Your wolf bites the wolf.
The wolf bites you.
* * * LOW HITPOINT WARNING * * *
Grum zaps a wand.
The puff of flame hits your wolf. The wolf barely misses you.
Your wolf barely misses Grum.
You closely miss the wolf.
The wolf is almost dead.
Your wolf bites Grum but does no damage.
The wolf bites you!
* * * LOW HITPOINT WARNING * * *
Grum zaps a wand.
The puff of flame hits your wolf.
Your wolf bites Grum but does no damage.
The wolf bites you but does no damage.
Grum throws a poisoned dart.
The poisoned dart hits your wolf!
Your wolf looks as sick as possible!
You are confused.
You feel invigorated.
Your wolf bites Grum!
The wolf bites you.
* * * LOW HITPOINT WARNING * * *
Your wolf barely misses Grum.
The wolf bites you but does no damage. Grum barely misses your wolf.
Your wolf dies!
Grum looks more experienced.
The wolf bites you but does no damage. x2
Grum hits you from afar with a -1 halberd!
You die...

... #.. #..## ###
#....##.##
#...##...## ?. #
#.........# .#
...##.......####
.#.
##...g†h....#..#
...
#.....†@.......#
...
....#..........#
...
...............#
...
..............##
...
....##.........##
...
....#...........#
.
...##..........##
## #............#
..........#######


You could see Grum and a wolf.

Vanquished Creatures
  Pikel (D:8)
  A troll (D:6)
  An orc priest (D:4)
  A necrophage (D:6)
  A black bear (D:6)
  A wolf (D:8)
  An ogre (D:7)
  A centaur (D:5)
  A phantom (D:4)
  2 bullfrogs
  2 scorpions
  3 wights
  A howler monkey (D:8)
  A hound (D:5)
  2 jellies
  A bullfrog skeleton (D:6)
  4 iguanas
  4 adders
  2 shadow imps (D:6)
  A white imp (D:4)
  A worm (D:2)
  2 dart slugs
  7 orcs
  3 endoplasms
  4 giant cockroaches
  4 goblins
  4 hobgoblins
  5 jackals
  6 quokkas
  2 ball pythons
  A bat (D:3)
  4 frilled lizards
  2 kobolds (D:1)
  2 rats (D:1)
79 creatures vanquished.

Vanquished Creatures (collateral kills)
  A bullfrog skeleton (D:6)
  2 orcs (D:4)
  A hobgoblin (D:1)
4 creatures vanquished.

Vanquished Creatures (others)
  A black bear (D:4)
  A wolf (D:8)
  An orc wizard (D:4)
  A goblin (D:1)
  A rat (D:1)
  15 plants (D:4)
20 creatures vanquished.

Grand Total: 103 creatures vanquished

Notes
Turn   | Place    | Note
-------+----------+-------------------------------------------
     0 | D:1      | Ijustatesigmund the Gargoyle Artificer began the quest for
                  | the Orb.
     0 | D:1      | Reached XP level 1. HP: 12/12 MP: 1/1
   659 | D:1      | Reached skill level 1 in Maces & Flails
   659 | D:1      | Reached XP level 2. HP: 12/17 MP: 2/2
  1033 | D:1      | Reached skill level 2 in Fighting
  1622 | D:2      | Reached XP level 3. HP: 12/22 MP: 3/3
  2162 | D:2      | Learned a level 1 spell: Pain
  2314 | D:2      | Found a faded altar of an unknown god.
  3413 | D:3      | Found a stormy altar of Qazlal.
  3694 | D:4      | Noticed a bullfrog
  3716 | D:3      | Reached skill level 3 in Fighting
  3716 | D:3      | Reached skill level 1 in Necromancy
  3716 | D:3      | Reached XP level 4. HP: 19/28 MP: 4/4
  3919 | D:3      | Reached XP level 5. HP: 13/32 MP: 5/5
  4120 | D:4      | Reached XP level 6. HP: 24/38 MP: 6/6
  4508 | D:4      | Identified the +1 ring mail of Repulsion {rPois}
  4527 | D:4      | Reached skill level 4 in Fighting
  4555 | D:4      | Found a transporter.
  4592 | D:4      | Noticed kwasso's ghost (novice FoFi)
  4864 | D:4      | You fall into a shaft and drop 1 floor!
  4864 | D:5      | Entered Level 5 of the Dungeon
  5887 | D:4      | Found a transporter.
  6122 | D:4      | Identified the +6 glaive of the Ageless Realms {freeze,
                  | Drain rElec rPois rN++}
  6192 | D:5      | Noticed a black bear
  6209 | D:4      | Reached XP level 7. HP: 16/44 MP: 7/7
  6508 | D:4      | Found a snail-covered altar of Cheibriados.
  6519 | D:4      | Became a worshipper of Cheibriados the Contemplative
  6768 | D:5      | Reached skill level 5 in Fighting
  7131 | D:5      | Found Zeahoipi's Armour Shoppe.
  7181 | D:5      | Learned a level 2 spell: Passwall
  7234 | D:5      | Reached skill level 1 in Invocations
  8754 | D:6      | Reached XP level 8. HP: 50/50 MP: 9/9
  8907 | D:6      | Noticed a troll
  8938 | D:6      | Killed a troll
  8939 | D:6      | Reached skill level 5 in Maces & Flails
  9133 | D:6      | Reached skill level 6 in Fighting
  9206 | D:6      | Found a runed translucent door.
  9206 | D:6      | Noticed benitares's ghost (amateur HOFi)
  9881 | D:7      | Reached * piety under Cheibriados
  9924 | D:7      | Found a staircase to the Ecumenical Temple.
 10690 | D:8      | Noticed Pikel
 10697 | D:8      | Killed Pikel
 10698 | D:8      | Reached skill level 7 in Fighting
 10698 | D:8      | Reached skill level 5 in Armour
 10698 | D:8      | Reached XP level 9. HP: 57/57 MP: 10/12
 10724 | D:8      | Noticed Grum
 11074 | D:8      | HP: 2/57 [wolf[Grum] (8)]
 11076 | D:8      | Slain by Grum

Illustrated notes

Levels and vault maps discovered:
D:1:      nzn_arrival_depleted_hourglass, layout_rooms, minmay_heptomino_w4
D:2:      layout_loops_ring, ebering_ecumenical_altar_petrified
D:3:      kennysheep_big_flooded_room, layout_basic,
          mainiacjoe_overflow_alcove_2,
          mainiacjoe_overflow_concentric_impassable
D:4:      layout_basic, mainiacjoe_overflow_cross_hatched,
          gammafunk_ghost_stat_death, serial_bayou_pond_a, serial_bayou_ford_a
D:5:      layout_layer_cave, nicolae_take_the_stairs
D:6:      layout_loops_ring, ebering_ghost_sewer_d, minivault_22
D:7:      layout_loops_ring, temple_pool_b
D:8:      layout_cave_pools, mainiacjoe_overflow_alcove_1,
          chequers_temple_overflow_minitemple, moated_statue, uniq_grum,
          uniq_pikel

Skill      XL: |  1  2  3  4  5  6  7  8 |
---------------+-------------------------+-----
Maces & Flails | 1 2 3 4 6 |  6.2
Fighting       | 2 3 4 5 7 |  7.0
Necromancy     | 1 2 3 |  3.0
Invocations    | 2 4 |  4.8
Armour         | 3 5 |  5.4
Dodging        | |  0.7
Stealth        | |  1.1
Evocations     | |  2.6

Action                   |  1- 3 |  4- 6 |  7- 9 || total
-------------------------+-------+-------+-------++-------
Melee: Club              |   163 |       |       ||   163
       Battleaxe         |       |    86 |   120 ||   206
Throw: Dart              |       |       |     6 ||     6
 Cast: Pain              |     1 |       |       ||     1
Evoke: Wand              |    16 |     5 |    13 ||    34
  Use: Scroll            |     2 |     2 |     6 ||    10
       Potion            |     1 |     2 |     2 ||     5
Armor: Ring mail         |   120 |    52 |    93 ||   265
       Leather armour    |     3 |       |       ||     3
Dodge: Dodged            |   105 |    66 |   115 ||   286

Table legend: (Time is in decaauts)
 A = Elapsed time spent in this place.
 B = Non-inter-level travel time spent in this place.
 C = Inter-level travel time spent in this place.
 D = Time resting spent in this place.
 E = Time spent auto-exploring this place.
 F = Levels seen in this place.
 G = Mean time per level.
                   A        B        C        D        E       F      G
               +--------+--------+--------+--------+--------+-----+--------+
         Total |  12062 |  11908 |    154 |   5235 |   5514 |   8 | 1507.8 |
       Dungeon |  12062 |  11908 |    154 |   5235 |   5514 |   8 | 1507.8 |
               +--------+--------+--------+--------+--------+-----+--------+

Top non-repeatable levels by time:
     D:4: 2731 daAuts
     D:5: 2122 daAuts
     D:6: 1671 daAuts
     D:1: 1602 daAuts
     D:2: 1292 daAuts
     D:3: 1225 daAuts
     D:7: 891 daAuts
     D:8: 524 daAuts
